VANCOUVER Canucks vs BUFFALO Sabres

Created - 6 mars 2024 at 11:01

Goals
1 2 3 T
VANCOUVER Canucks 2 0 1 3
BUFFALO Sabres 1 1 2 4
Shots
1 2 3 T
VANCOUVER Canucks 9 7 9 25
BUFFALO Sabres 11 9 7 27

1st period

1. VANCOUVER Canucks , Tyler Pitlick 6 (Juuso Parssinen 7, Teddy Blueger 5) at 0:35
2. VANCOUVER Canucks , Juuso Parssinen 1 (Teddy Blueger 6, Matt Boldy 20) at 15:47
3. BUFFALO Sabres , Mattias Janmark 2 (Ivan Provorov 20, Jonas Brodin 24) at 16:26

Penalties :
Mikhail Sergachev (VAN) for Hooking (Minor) at 4:50, Tyler Pitlick (VAN) for Cross-checking (Minor) at 10:26, Filip Hronek (BUF) for Holding (Minor) at 13:41, Tyler Pitlick (VAN) for Holding (Minor) at 18:11

2nd period

4. BUFFALO Sabres , Jack Eichel 13 (Seth Jarvis 6, Alex Tuch 14) at 16:05

Penalties :
Nico Hischier (BUF) for Holding (Minor) at 0:06, Mark Kastelic (VAN) for Tripping (Minor) at 5:42, Brett Kulak (BUF) for Slashing (Minor) at 12:17, Mason McTavish (BUF) for Hooking (Minor) at 16:49, Radim Simek (VAN) for Holding (Minor) at 16:49, Stefan Noesen (VAN) for Holding (Minor) at 18:22

3rd period

5. BUFFALO Sabres , Alex Tuch 17 (Seth Jarvis 7, Jack Eichel 27) at 10:59
6. VANCOUVER Canucks , Matt Boldy 18 (Josh Norris 10, Mikhail Sergachev 32) at 12:43
7. BUFFALO Sabres , Nico Hischier 25 (Filip Hronek 24, Jesper Bratt 24) at 18:14 (PP)

Penalties :
Jakob Chychrun (BUF) for High sticking (Minor) at 14:51, Victor Mete (VAN) for Roughing (Minor) at 17:05

Goalie Stats

Jake Oettinger (VAN), 23 saves from 27 shots - (0,852), L, 21-20-2, 59:31 minutes
Igor Shesterkin (BUF), 22 saves from 25 shots - (0,880), W, 24-14-1, 60:00 minutes

Players Stats for VANCOUVER Canucks

Player Name              G  A  P  +/- PIM S  H  SB GA TA FO     MP     PP MP  PK MP  
------------------------------------------------------------------------------------
Bryan Little             0  0  0  -1  0   0  1  0  0  0  7/11   12:37   0:00   6:36 
Christopher Tanev        0  0  0  -1  0   4  0  0  0  0  0/0    22:49   4:35   4:50 
Jake McCabe              0  0  0   1  0   2  2  0  0  0  0/0    24:03   3:17   6:49 
Jakob Silfverberg        0  0  0   1  0   3  2  0  0  0  2/3    25:05   3:51   6:23 
Josh Norris              0  1  1   1  0   0  0  0  0  0  11/22  17:39   3:51   1:13 
Juuso Parssinen          1  1  2   2  0   2  0  0  0  0  2/7     8:11   0:00   0:00 
Mark Kastelic            0  0  0  -1  2   1  1  0  0  0  3/5     4:27   0:00   0:00 
Mason Appleton           0  0  0  -2  0   3  3  0  0  0  2/2    17:33   4:01   0:00 
Matt Boldy               1  1  2   1  0   4  1  0  0  0  0/0    19:43   3:51   2:32 
Mikhail Sergachev        0  1  1   1  2   1  1  0  0  0  0/0    23:36   3:17   5:09 
Nils Lundkvist           0  0  0   0  0   0  3  1  0  0  0/0    14:21   0:00   0:34 
Philip Tomasino          0  0  0  -2  0   0  1  0  0  0  1/1    17:33   4:01   0:00 
Radim Simek              0  0  0  -1  2   1  4  2  0  0  0/0    20:13   4:35   4:13 
Shane Pinto              0  0  0  -2  0   2  1  0  0  0  10/17  17:33   4:01   0:00 
Stefan Noesen            0  0  0  -1  2   1  0  0  0  0  0/0     5:30   0:00   0:57 
Teddy Blueger            0  2  2   2  0   0  1  0  0  0  0/0     8:20   0:00   0:09 
Tyler Pitlick            1  0  1   2  4   1  0  0  0  0  4/9    12:42   0:00   3:44 
Victor Mete              0  0  0   0  2   0  2  0  0  0  0/0    14:55   0:00   0:25 

Players Stats for BUFFALO Sabres

Player Name              G  A  P  +/- PIM S  H  SB GA TA FO     MP     PP MP  PK MP  
------------------------------------------------------------------------------------
Alex Tuch                1  1  2   1  0   2  1  0  0  0  0/0    18:45   4:09   2:22 
Brett Kulak              0  0  0   0  2   1  2  0  0  0  0/0    17:49   0:00   2:40 
Curtis Lazar             0  0  0   1  0   0  0  0  0  0  1/2     7:12   0:00   0:24 
Filip Hronek             0  1  1   0  2   4  2  1  0  0  0/0    19:23   3:13   0:00 
Ivan Provorov            0  1  1   1  0   1  2  2  0  0  0/0    26:06   7:21   4:06 
Jack Eichel              1  1  2   1  0   1  3  0  0  0  8/21   19:18   5:53   0:00 
Jakob Chychrun           0  0  0  -1  2   2  2  0  0  0  0/0    14:57   3:13   0:00 
Jesper Bratt             0  1  1  -1  0   1  0  0  0  0  0/2    15:52   3:59   0:00 
Jon Merrill              0  0  0  -1  0   1  3  0  0  0  0/0    14:36   0:00   3:52 
Jonas Brodin             0  1  1   1  0   2  1  1  0  0  0/0    27:06   7:21   5:06 
Logan O'Connor           0  0  0  -1  0   2  1  0  0  0  0/0    14:32   0:00   5:30 
Mason McTavish           0  0  0  -1  2   0  0  0  0  0  0/1     8:02   0:00   0:00 
Mattias Janmark          1  0  1   1  0   2  1  0  0  0  0/0     6:48   0:00   0:00 
Nick Bjugstad            0  0  0   1  0   0  0  0  0  0  6/12   10:52   0:35   3:29 
Nico Hischier            1  0  1  -1  2   4  2  1  0  0  15/25  22:21   4:05   3:59 
Seth Jarvis              0  2  2   1  0   0  0  0  0  0  0/0    12:14   0:00   0:00 
Tage Thompson            0  0  0  -1  0   3  1  0  0  0  5/12   16:15   6:35   0:00 
Valeri Nichushkin        0  0  0  -1  0   1  1  1  0  0  0/2    17:52   6:25   0:00 

3 Stars

1 - Jack Eichel (BUF)
2 - Alex Tuch (BUF)
3 - Juuso Parssinen (VAN)

Power Play

VANCOUVER Canucks - 0 on 4 Attempt(s) - 0,00%
BUFFALO Sabres - 1 on 6 Attempt(s) - 16,67%

Penalty Kill

VANCOUVER Canucks - 5 on 6 Attempt(s) - 83,33% - Score 0 goal in Penalty Kill
BUFFALO Sabres - 4 on 4 Attempt(s) - 100,00% - Score 0 goal in Penalty Kill

Team Stat

VANCOUVER Canucks - Hits : 23 - Faceoff Wins : 42 - Blocked Shots : 3 - Penalty Minutes : 14
BUFFALO Sabres - Hits : 22 - Faceoff Wins : 35 - Blocked Shots : 6 - Penalty Minutes : 10

Official

Referees : Laura White and Gord Dwyer
Linesman : Justin Johnson and Matt MacPherson

Game Notes

No Game Note

Finance

Level 1 -- Attendance: 4556 (75,93%) -- Ticket Income $455,600
Level 2 -- Attendance: 4486 (89,72%) -- Ticket Income $269,160
Level 3 -- Attendance: 1836 (91,80%) -- Ticket Income $64,260
Level 4 -- Attendance: 4000 (100,00%) -- Ticket Income $80,000
Luxury Box -- Attendance: 732 (73,20%) -- Ticket Income $146,400
Game was played at the First Niagara Center.
Total Attendance: 15610 (86,72%)
Total Ticket Income: $1,015,420
Other Income: $253,855
Total Income: $1,269,275

VANCOUVER Canucks

5 vs 5 Forward 
   Center                   Left Wing                Right Wing               Time % Phy DF OF 
 1 Josh Norris              Matt Boldy               Jakob Silfverberg        40     1   2  2  
 2 Shane Pinto              Philip Tomasino          Mason Appleton           30     1   2  2  
 3 Juuso Parssinen          Teddy Blueger            Tyler Pitlick            20     1   2  2  
 4 Mark Kastelic            Stefan Noesen            Bryan Little             10     1   2  2  

5 vs 5 Defense 
   Defense                  Defense                                           Time % Phy DF OF 
 1 Mikhail Sergachev        Jake McCabe                                       40     1   2  2  
 2 Christopher Tanev        Radim Simek                                       30     1   2  2  
 3 Nils Lundkvist           Victor Mete                                       20     1   2  2  
 4 Mikhail Sergachev        Christopher Tanev                                 10     1   2  2  

PowerPlay Forward 
   Center                   Left Wing                Right Wing               Time % Phy DF OF 
 1 Josh Norris              Matt Boldy               Jakob Silfverberg        60     1   2  2  
 2 Shane Pinto              Philip Tomasino          Mason Appleton           40     1   2  2  

PowerPlay Defense
   Defense                  Defense                                           Time % Phy DF OF 
 1 Mikhail Sergachev        Jake McCabe                                       60     1   2  2  
 2 Christopher Tanev        Radim Simek                                       40     1   2  2  

Penalty Kill 4 Players Forward 
   Center                   Wing                     Time % Phy DF OF 
 1 Tyler Pitlick            Jakob Silfverberg        60     1   2  2  
 2 Bryan Little             Matt Boldy               40     1   2  2  

Penalty Kill 4 Players Defense
   Defense                  Defense                  Time % Phy DF OF 
 1 Mikhail Sergachev        Jake McCabe              60     1   2  2  
 2 Christopher Tanev        Radim Simek              40     1   2  2  

Penalty Kill - 3 Players Forward 
   Forward                                           Time % Phy DF OF 
 1 Jakob Silfverberg                                 60     1   2  2  
 2 Bryan Little                                      40     1   2  2  

Penalty Kill - 3 Players Defense
   Defense                  Defense                  Time % Phy DF OF 
 1 Mikhail Sergachev        Nils Lundkvist           60     1   2  2  
 2 Christopher Tanev        Radim Simek              40     1   2  2  

4 vs 4 Forward 
   Center                   Wing                     Time % Phy DF OF 
 1 Tyler Pitlick            Jakob Silfverberg        60     1   2  2  
 2 Bryan Little             Matt Boldy               40     1   2  2  

4 vs 4 Defense
   Defense                  Defense                  Time % Phy DF OF 
 1 Jake McCabe              Mikhail Sergachev        60     1   2  2  
 2 Christopher Tanev        Radim Simek              40     1   2  2  

Last Minutes Offensive
   Center                   Left Wing                Right Wing               Defense                  Defense                  
   Matt Boldy               Jakob Silfverberg        Bryan Little             Mikhail Sergachev        Jake McCabe              

Last Minutes Defensive
   Center                   Left Wing                Right Wing               Defense                  Defense                  
   Matt Boldy               Jakob Silfverberg        Bryan Little             Mikhail Sergachev        Jake McCabe              

Goaltenders
Starting : Jake Oettinger           
Backup : Joonas Korpisalo         

Extra Forwards
Normal : Bryan Little, Tyler Pitlick, Jakob Silfverberg - PP : Bryan Little, Tyler Pitlick - PK : Bryan Little
Extra Defensemen
Normal : Christopher Tanev, Radim Simek, Victor Mete - PP : Christopher Tanev - PK : Christopher Tanev, Radim Simek
Penalty Shots
Tyler Pitlick, Jakob Silfverberg, Bryan Little, Teddy Blueger, Shane Pinto

Scratches
Martin Jones (Healthy)

BUFFALO Sabres

5 vs 5 Forward 
   Center                   Left Wing                Right Wing               Time % Phy DF OF 
 1 Jack Eichel              Alex Tuch                Seth Jarvis              37     0   2  3  
 2 Nico Hischier            Valeri Nichushkin        Jesper Bratt             33     0   2  3  
 3 Tage Thompson            Mason McTavish           Logan O'Connor           20     1   2  2  
 4 Nick Bjugstad            Mattias Janmark          Curtis Lazar             10     1   2  2  

5 vs 5 Defense 
   Defense                  Defense                                           Time % Phy DF OF 
 1 Ivan Provorov            Jonas Brodin                                      40     1   2  2  
 2 Brett Kulak              Filip Hronek                                      30     1   2  2  
 3 Jakob Chychrun           Jon Merrill                                       20     1   3  1  
 4 Ivan Provorov            Jonas Brodin                                      10     1   3  1  

PowerPlay Forward 
   Center                   Left Wing                Right Wing               Time % Phy DF OF 
 1 Nico Hischier            Alex Tuch                Jesper Bratt             60     1   2  2  
 2 Jack Eichel              Valeri Nichushkin        Tage Thompson            40     1   2  2  

PowerPlay Defense
   Defense                  Defense                                           Time % Phy DF OF 
 1 Ivan Provorov            Jonas Brodin                                      60     1   2  2  
 2 Jakob Chychrun           Filip Hronek                                      40     1   2  2  

Penalty Kill 4 Players Forward 
   Center                   Wing                     Time % Phy DF OF 
 1 Nico Hischier            Logan O'Connor           60     1   2  2  
 2 Nick Bjugstad            Alex Tuch                40     1   2  2  

Penalty Kill 4 Players Defense
   Defense                  Defense                  Time % Phy DF OF 
 1 Ivan Provorov            Jonas Brodin             60     1   2  2  
 2 Brett Kulak              Jon Merrill              40     1   2  2  

Penalty Kill - 3 Players Forward 
   Forward                                           Time % Phy DF OF 
 1 Nico Hischier                                     60     1   2  2  
 2 Nick Bjugstad                                     40     1   2  2  

Penalty Kill - 3 Players Defense
   Defense                  Defense                  Time % Phy DF OF 
 1 Ivan Provorov            Jonas Brodin             60     1   2  2  
 2 Brett Kulak              Jon Merrill              40     1   2  2  

4 vs 4 Forward 
   Center                   Wing                     Time % Phy DF OF 
 1 Nico Hischier            Tage Thompson            60     1   2  2  
 2 Jack Eichel              Jesper Bratt             40     1   2  2  

4 vs 4 Defense
   Defense                  Defense                  Time % Phy DF OF 
 1 Ivan Provorov            Jonas Brodin             60     1   2  2  
 2 Jakob Chychrun           Filip Hronek             40     1   2  2  

Last Minutes Offensive
   Center                   Left Wing                Right Wing               Defense                  Defense                  
   Nico Hischier            Alex Tuch                Jesper Bratt             Ivan Provorov            Jonas Brodin             

Last Minutes Defensive
   Center                   Left Wing                Right Wing               Defense                  Defense                  
   Nico Hischier            Logan O'Connor           Nick Bjugstad            Ivan Provorov            Jonas Brodin             

Goaltenders
Starting : Igor Shesterkin          
Backup : Connor Ingram            

Extra Forwards
Normal : Jack Eichel, Nico Hischier, Tage Thompson - PP : Jack Eichel, Nico Hischier - PK : Nico Hischier
Extra Defensemen
Normal : Ivan Provorov, Jonas Brodin, Jakob Chychrun - PP : Ivan Provorov - PK : Jon Merrill, Jonas Brodin
Penalty Shots
Nico Hischier, Tage Thompson, Alex Tuch, Jesper Bratt, Jack Eichel

Scratches
Andrew Cogliano (Healthy), Henri Jokiharju (Healthy)

% Time on Ice - VANCOUVER Canucks

Lines # - Real PCT - Wanted PCT - Time Play
Normal Forward
1 - 32% - 40% - 12:35
2 - 35% - 30% - 13:32
3 - 21% - 20% - 8:11
4 - 12% - 10% - 4:28
Normal Defense
1 - 32% - 40% - 12:19
2 - 29% - 30% - 11:26
3 - 36% - 20% - 13:47
4 - 3% - 10% - 1:14
PP Forward
1 - 49% - 60% - 3:51
2 - 51% - 40% - 4:01
PP Defense
1 - 42% - 60% - 3:17
2 - 58% - 40% - 4:35
PK Forward
1 - 76% - 60% - 8:02
2 - 24% - 40% - 2:32
PK Defense
1 - 67% - 60% - 7:05
2 - 33% - 40% - 3:29
PK3 Forward
1 - 100% - 60% - 0:26
2 - 0% - 40% - 0:00
PK3 Defense
1 - 65% - 60% - 0:17
2 - 35% - 40% - 0:09
44 Forward
1 - 100% - 60% - 1:37
2 - 0% - 40% - 0:00
44 Defense
1 - 55% - 60% - 0:53
2 - 45% - 40% - 0:44
Last Minute Offensive  - 0:45
Last Minute Defensive  - 0:00
Total
Forward - 60:00
Defense - 60:00

% Time on Ice - BUFFALO Sabres

Lines # - Real PCT - Wanted PCT - Time Play
Normal Forward
1 - 32% - 37% - 12:14
2 - 30% - 33% - 11:27
3 - 21% - 20% - 8:03
4 - 18% - 10% - 6:48
Normal Defense
1 - 31% - 40% - 11:49
2 - 39% - 30% - 15:10
3 - 28% - 20% - 10:44
4 - 2% - 10% - 0:49
PP Forward
1 - 38% - 60% - 3:59
2 - 62% - 40% - 6:35
PP Defense
1 - 70% - 60% - 7:21
2 - 30% - 40% - 3:13
PK Forward
1 - 79% - 60% - 6:11
2 - 21% - 40% - 1:41
PK Defense
1 - 51% - 60% - 4:00
2 - 49% - 40% - 3:52
PK3 Forward
1 - 0% - 60%
2 - 0% - 40%
PK3 Defense
1 - 0% - 60%
2 - 0% - 40%
44 Forward
1 - 79% - 60% - 1:37
2 - 21% - 40% - 0:26
44 Defense
1 - 50% - 60% - 1:02
2 - 50% - 40% - 1:01
Last Minute Offensive  - 0:00
Last Minute Defensive  - 0:59
Total
Forward - 60:00
Defense - 60:00

Play-by-Play

1st period


0:01 of 1st period - Josh Norris wins face-off versus Jack Eichel in neutral zone.
0:21 of 1st period - Shot by Jack Eichel.
0:21 of 1st period - Deflect By Alex Tuch.
0:21 of 1st period - Stopped by Jake Oettinger without a rebound.
0:22 of 1st period - Mason Appleton wins face-off versus Valeri Nichushkin in VANCOUVER Canucks zone.
0:27 of 1st period - Shot by Mason Appleton.
0:27 of 1st period - Stopped by Igor Shesterkin without a rebound.
0:28 of 1st period - Juuso Parssinen wins face-off versus Mason McTavish in BUFFALO Sabres zone.
0:35 of 1st period - Shot by Juuso Parssinen.
0:35 of 1st period - Deflect By Tyler Pitlick.
0:35 of 1st period - Goal by Tyler Pitlick - VANCOUVER Canucks : 1 - BUFFALO Sabres : 0.
0:36 of 1st period - Nico Hischier wins face-off versus Shane Pinto in neutral zone.
0:36 of 1st period - Jesper Bratt is hit by Mason Appleton and loses puck.
0:46 of 1st period - Jesper Bratt is hit by Radim Simek and loses puck.
0:54 of 1st period - Icing by Christopher Tanev.
0:55 of 1st period - Shane Pinto wins face-off versus Curtis Lazar in VANCOUVER Canucks zone.
1:09 of 1st period - Nick Bjugstad is hit by Radim Simek and loses puck.
2:13 of 1st period - Shot by Jakob Chychrun.
2:13 of 1st period - Stopped by Jake Oettinger without a rebound.
2:14 of 1st period - Nico Hischier wins face-off versus Josh Norris in VANCOUVER Canucks zone.
2:35 of 1st period - Shot by Valeri Nichushkin.
2:35 of 1st period - Stopped by Jake Oettinger with a rebound.
2:45 of 1st period - Shot by Nico Hischier.
2:45 of 1st period - Shot Misses the Net.
4:25 of 1st period - Shot by Jack Eichel.
4:25 of 1st period - Shot Misses the Net.
4:50 of 1st period - Minor Penalty to Mikhail Sergachev for Hooking.
4:51 of 1st period - Bryan Little wins face-off versus Nico Hischier in VANCOUVER Canucks zone.
5:32 of 1st period - Icing by Jack Eichel.
5:33 of 1st period - Bryan Little wins face-off versus Jack Eichel in BUFFALO Sabres zone.
5:33 of 1st period - Jake McCabe is hit by Filip Hronek and loses puck.
5:46 of 1st period - Shot by Filip Hronek.
5:46 of 1st period - Stopped by Jake Oettinger without a rebound.
5:47 of 1st period - Tyler Pitlick wins face-off versus Tage Thompson in VANCOUVER Canucks zone.
6:02 of 1st period - Shot by Jack Eichel.
6:02 of 1st period - Shot Misses the Net.
6:04 of 1st period - Shot by Tage Thompson.
6:04 of 1st period - Stopped by Jake Oettinger without a rebound.
6:05 of 1st period - Nico Hischier wins face-off versus Tyler Pitlick in VANCOUVER Canucks zone.
6:08 of 1st period - Shot by Jesper Bratt.
6:08 of 1st period - Shot Misses the Net.
6:10 of 1st period - Shot by Alex Tuch.
6:10 of 1st period - Shot Misses the Net.
7:15 of 1st period - Shot by Filip Hronek.
7:15 of 1st period - Stopped by Jake Oettinger without a rebound.
7:16 of 1st period - Mark Kastelic wins face-off versus Tage Thompson in VANCOUVER Canucks zone.
8:17 of 1st period - Icing by Jonas Brodin.
8:18 of 1st period - Nico Hischier wins face-off versus Josh Norris in BUFFALO Sabres zone.
8:18 of 1st period - Nico Hischier is hit by Matt Boldy.
8:30 of 1st period - Jesper Bratt is hit by Jakob Silfverberg and loses puck.
10:05 of 1st period - Shot by Mason Appleton.
10:05 of 1st period - Shot Blocked by Filip Hronek.
10:07 of 1st period - Shot by Shane Pinto.
10:07 of 1st period - Shot Misses the Net.
10:26 of 1st period - Minor Penalty to Tyler Pitlick for Cross-checking.
10:27 of 1st period - Nico Hischier wins face-off versus Bryan Little in VANCOUVER Canucks zone.
10:36 of 1st period - Shot by Valeri Nichushkin.
10:36 of 1st period - Shot Misses the Net.
13:27 of 1st period - Shot by Juuso Parssinen.
13:27 of 1st period - Stopped by Igor Shesterkin without a rebound.
13:28 of 1st period - Jack Eichel wins face-off versus Josh Norris in BUFFALO Sabres zone.
13:39 of 1st period - Shot by Jakob Silfverberg.
13:39 of 1st period - Stopped by Igor Shesterkin with a rebound.
13:41 of 1st period - Shot by Christopher Tanev.
13:41 of 1st period - Stopped by Igor Shesterkin without a rebound.
13:41 of 1st period - Minor Penalty to Filip Hronek for Holding.
13:42 of 1st period - Josh Norris wins face-off versus Nico Hischier in BUFFALO Sabres zone.
13:42 of 1st period - Christopher Tanev is hit by Ivan Provorov and loses puck.
14:13 of 1st period - Shot by Christopher Tanev.
14:13 of 1st period - Shot Misses the Net.
14:15 of 1st period - Shot by Radim Simek.
14:15 of 1st period - Stopped by Igor Shesterkin with a rebound.
14:17 of 1st period - Shot by Radim Simek.
14:17 of 1st period - Deflect By Matt Boldy.
14:17 of 1st period - Shot Misses the Net.
14:37 of 1st period - Shot by Mikhail Sergachev.
14:37 of 1st period - Shot Misses the Net.
14:39 of 1st period - Shot by Philip Tomasino.
14:39 of 1st period - Deflect By Mason Appleton.
14:39 of 1st period - Stopped by Igor Shesterkin without a rebound.
14:40 of 1st period - Nick Bjugstad wins face-off versus Shane Pinto in BUFFALO Sabres zone.
15:45 of 1st period - Shot by Juuso Parssinen.
15:45 of 1st period - Shot Misses the Net.
15:47 of 1st period - Shot by Teddy Blueger.
15:47 of 1st period - Deflect By Juuso Parssinen.
15:47 of 1st period - Goal by Juuso Parssinen - VANCOUVER Canucks : 2 - BUFFALO Sabres : 0.
15:48 of 1st period - Nico Hischier wins face-off versus Juuso Parssinen in neutral zone.
16:03 of 1st period - Shot by Nico Hischier.
16:03 of 1st period - Shot Misses the Net.
16:05 of 1st period - Shot by Filip Hronek.
16:05 of 1st period - Stopped by Jake Oettinger without a rebound.
16:06 of 1st period - Nick Bjugstad wins face-off versus Mark Kastelic in VANCOUVER Canucks zone.
16:26 of 1st period - Shot by Mattias Janmark.
16:26 of 1st period - Goal by Mattias Janmark - VANCOUVER Canucks : 2 - BUFFALO Sabres : 1.
16:27 of 1st period - Jack Eichel wins face-off versus Jakob Silfverberg in neutral zone.
17:15 of 1st period - Off-side.
17:16 of 1st period - Mason Appleton wins face-off versus Jesper Bratt in neutral zone.
17:19 of 1st period - Shot by Philip Tomasino.
17:19 of 1st period - Shot Blocked by Ivan Provorov.
18:11 of 1st period - Minor Penalty to Tyler Pitlick for Holding.
18:12 of 1st period - Bryan Little wins face-off versus Tage Thompson in VANCOUVER Canucks zone.
18:12 of 1st period - Mikhail Sergachev is hit by Tage Thompson and loses puck.
19:27 of 1st period - Shot by Jonas Brodin.
19:27 of 1st period - Stopped by Jake Oettinger without a rebound.
19:28 of 1st period - Nico Hischier wins face-off versus Josh Norris in VANCOUVER Canucks zone.
19:29 of 1st period - Shot by Ivan Provorov.
19:29 of 1st period - Stopped by Jake Oettinger without a rebound.
19:30 of 1st period - Bryan Little wins face-off versus Jesper Bratt in VANCOUVER Canucks zone.
19:49 of 1st period - Shot by Jesper Bratt.
19:49 of 1st period - Stopped by Jake Oettinger without a rebound.
19:50 of 1st period - Jack Eichel wins face-off versus Josh Norris in VANCOUVER Canucks zone.
19:59 of 1st period - Shot by Christopher Tanev.
19:59 of 1st period - Stopped by Igor Shesterkin without a rebound.
Goals for this period are 2 for VANCOUVER Canucks vs 1 for BUFFALO Sabres.
Shots for this period are 9 for VANCOUVER Canucks vs 11 for BUFFALO Sabres.

2nd period


0:01 of 2nd period - Bryan Little wins face-off versus Nico Hischier in neutral zone.
0:06 of 2nd period - Minor Penalty to Nico Hischier for Holding.
0:07 of 2nd period - Bryan Little wins face-off versus Jack Eichel in BUFFALO Sabres zone.
0:20 of 2nd period - Shot by Mikhail Sergachev.
0:20 of 2nd period - Stopped by Igor Shesterkin without a rebound.
0:21 of 2nd period - Josh Norris wins face-off versus Nick Bjugstad in BUFFALO Sabres zone.
1:20 of 2nd period - Icing by Christopher Tanev.
1:21 of 2nd period - Curtis Lazar wins face-off versus Shane Pinto in VANCOUVER Canucks zone.
1:30 of 2nd period - Philip Tomasino is hit by Alex Tuch and loses puck.
2:16 of 2nd period - Jesper Bratt is hit by Teddy Blueger and loses puck.
2:40 of 2nd period - Shot by Jesper Bratt.
2:40 of 2nd period - Deflect By Nico Hischier.
2:40 of 2nd period - Stopped by Jake Oettinger without a rebound.
2:41 of 2nd period - Jack Eichel wins face-off versus Josh Norris in VANCOUVER Canucks zone.
2:46 of 2nd period - Shot by Seth Jarvis.
2:46 of 2nd period - Shot Misses the Net.
2:48 of 2nd period - Shot by Jon Merrill.
2:48 of 2nd period - Stopped by Jake Oettinger without a rebound.
2:49 of 2nd period - Josh Norris wins face-off versus Jack Eichel in VANCOUVER Canucks zone.
3:09 of 2nd period - Seth Jarvis is hit by Mikhail Sergachev and loses puck.
3:19 of 2nd period - Shot by Jonas Brodin.
3:19 of 2nd period - Shot Misses the Net.
3:42 of 2nd period - Ivan Provorov is hit by Jake McCabe and loses puck.
3:57 of 2nd period - Shot by Jesper Bratt.
3:57 of 2nd period - Shot Misses the Net.
4:09 of 2nd period - Shot by Valeri Nichushkin.
4:09 of 2nd period - Deflect By Nico Hischier.
4:09 of 2nd period - Stopped by Jake Oettinger without a rebound.
4:10 of 2nd period - Shane Pinto wins face-off versus Tage Thompson in VANCOUVER Canucks zone.
4:30 of 2nd period - Shot by Logan O'Connor.
4:30 of 2nd period - Stopped by Jake Oettinger with a rebound.
4:44 of 2nd period - Shot by Tage Thompson.
4:44 of 2nd period - Shot Blocked by Radim Simek.
4:46 of 2nd period - Shot by Jakob Chychrun.
4:46 of 2nd period - Stopped by Jake Oettinger without a rebound.
4:47 of 2nd period - Nico Hischier wins face-off versus Juuso Parssinen in VANCOUVER Canucks zone.
4:50 of 2nd period - Shot by Valeri Nichushkin.
4:50 of 2nd period - Shot Misses the Net.
5:42 of 2nd period - Minor Penalty to Mark Kastelic for Tripping.
5:43 of 2nd period - Tage Thompson wins face-off versus Bryan Little in VANCOUVER Canucks zone.
5:50 of 2nd period - Shot by Jonas Brodin.
5:50 of 2nd period - Stopped by Jake Oettinger without a rebound.
5:51 of 2nd period - Jack Eichel wins face-off versus Tyler Pitlick in VANCOUVER Canucks zone.
6:49 of 2nd period - Icing by Jack Eichel.
6:50 of 2nd period - Tyler Pitlick wins face-off versus Jack Eichel in BUFFALO Sabres zone.
6:50 of 2nd period - Mikhail Sergachev is hit by Jonas Brodin and loses puck.
6:53 of 2nd period - Shot by Jakob Silfverberg.
6:53 of 2nd period - Shot Hit the Post.
6:55 of 2nd period - Shot by Jake McCabe.
6:55 of 2nd period - Shot Misses the Net.
7:11 of 2nd period - Icing by Jonas Brodin.
7:12 of 2nd period - Jakob Silfverberg wins face-off versus Jack Eichel in BUFFALO Sabres zone.
7:25 of 2nd period - Radim Simek is hit by Valeri Nichushkin and loses puck.
7:48 of 2nd period - Nick Bjugstad is hit by Shane Pinto and loses puck.
7:54 of 2nd period - Philip Tomasino is hit by Jon Merrill and loses puck.
8:18 of 2nd period - Mason Appleton is hit by Jakob Chychrun and loses puck.
8:21 of 2nd period - Shot by Mason Appleton.
8:21 of 2nd period - Stopped by Igor Shesterkin without a rebound.
8:22 of 2nd period - Josh Norris wins face-off versus Nico Hischier in BUFFALO Sabres zone.
8:39 of 2nd period - Shot by Nico Hischier.
8:39 of 2nd period - Stopped by Jake Oettinger without a rebound.
8:40 of 2nd period - Nick Bjugstad wins face-off versus Bryan Little in VANCOUVER Canucks zone.
8:47 of 2nd period - Shot by Mattias Janmark.
8:47 of 2nd period - Stopped by Jake Oettinger without a rebound.
8:48 of 2nd period - Josh Norris wins face-off versus Jack Eichel in VANCOUVER Canucks zone.
10:09 of 2nd period - Filip Hronek is hit by Mason Appleton and loses puck.
10:19 of 2nd period - Shot by Philip Tomasino.
10:19 of 2nd period - Shot Misses the Net.
10:21 of 2nd period - Shot by Shane Pinto.
10:21 of 2nd period - Stopped by Igor Shesterkin without a rebound.
10:22 of 2nd period - Juuso Parssinen wins face-off versus Tage Thompson in BUFFALO Sabres zone.
10:27 of 2nd period - Shot by Tyler Pitlick.
10:27 of 2nd period - Shot Misses the Net.
10:32 of 2nd period - Ivan Provorov is hit by Nils Lundkvist and loses puck.
11:26 of 2nd period - Nico Hischier is hit by Nils Lundkvist and loses puck.
12:07 of 2nd period - Mikhail Sergachev is hit by Filip Hronek and loses puck.
12:17 of 2nd period - Minor Penalty to Brett Kulak for Slashing.
12:18 of 2nd period - Shane Pinto wins face-off versus Nico Hischier in BUFFALO Sabres zone.
12:32 of 2nd period - Icing by Christopher Tanev.
12:33 of 2nd period - Nico Hischier wins face-off versus Shane Pinto in VANCOUVER Canucks zone.
12:40 of 2nd period - Shot by Nico Hischier.
12:40 of 2nd period - Shot Misses the Net.
13:02 of 2nd period - Shot by Shane Pinto.
13:02 of 2nd period - Shot Misses the Net.
13:04 of 2nd period - Shot by Christopher Tanev.
13:04 of 2nd period - Stopped by Igor Shesterkin without a rebound.
13:05 of 2nd period - Nick Bjugstad wins face-off versus Josh Norris in BUFFALO Sabres zone.
13:14 of 2nd period - Shot by Jake McCabe.
13:14 of 2nd period - Stopped by Igor Shesterkin without a rebound.
13:15 of 2nd period - Nick Bjugstad wins face-off versus Josh Norris in BUFFALO Sabres zone.
13:36 of 2nd period - Shot by Jake McCabe.
13:36 of 2nd period - Stopped by Igor Shesterkin without a rebound.
13:37 of 2nd period - Philip Tomasino wins face-off versus Nick Bjugstad in BUFFALO Sabres zone.
13:37 of 2nd period - Philip Tomasino is hit by Jon Merrill.
13:59 of 2nd period - Shot by Christopher Tanev.
13:59 of 2nd period - Stopped by Igor Shesterkin with a rebound.
14:01 of 2nd period - Shot by Christopher Tanev.
14:01 of 2nd period - Shot Misses the Net.
14:36 of 2nd period - Icing by Jake McCabe.
14:37 of 2nd period - Josh Norris wins face-off versus Nick Bjugstad in VANCOUVER Canucks zone.
14:37 of 2nd period - Josh Norris is hit by Mattias Janmark.
15:29 of 2nd period - Off-side.
15:30 of 2nd period - Shane Pinto wins face-off versus Jack Eichel in neutral zone.
15:48 of 2nd period - Ivan Provorov is hit by Mason Appleton and loses puck.
16:02 of 2nd period - Seth Jarvis is hit by Victor Mete and loses puck.
16:05 of 2nd period - Shot by Jack Eichel.
16:05 of 2nd period - Goal by Jack Eichel - VANCOUVER Canucks : 2 - BUFFALO Sabres : 2.
16:06 of 2nd period - Nico Hischier wins face-off versus Juuso Parssinen in neutral zone.
16:34 of 2nd period - Icing by Christopher Tanev.
16:35 of 2nd period - Tage Thompson wins face-off versus Tyler Pitlick in VANCOUVER Canucks zone.
16:49 of 2nd period - Minor Penalty to Mason McTavish for Hooking.
16:49 of 2nd period - Minor Penalty to Radim Simek for Holding.
16:50 of 2nd period - Jakob Silfverberg wins face-off versus Nico Hischier in VANCOUVER Canucks zone.
16:50 of 2nd period - Jakob Silfverberg is hit by Nico Hischier.
17:21 of 2nd period - Icing by Mikhail Sergachev.
17:22 of 2nd period - Tyler Pitlick wins face-off versus Nico Hischier in VANCOUVER Canucks zone.
17:22 of 2nd period - Tyler Pitlick is hit by Nico Hischier.
17:32 of 2nd period - Icing by Nico Hischier.
17:33 of 2nd period - Nico Hischier wins face-off versus Bryan Little in BUFFALO Sabres zone.
18:19 of 2nd period - Icing by Jakob Chychrun.
18:20 of 2nd period - Nico Hischier wins face-off versus Tyler Pitlick in BUFFALO Sabres zone.
18:22 of 2nd period - Minor Penalty to Stefan Noesen for Holding.
18:23 of 2nd period - Bryan Little wins face-off versus Jack Eichel in VANCOUVER Canucks zone.
18:23 of 2nd period - Nils Lundkvist is hit by Jack Eichel and loses puck.
19:04 of 2nd period - Alex Tuch is hit by Radim Simek and loses puck.
19:07 of 2nd period - Shot by Jakob Chychrun.
19:07 of 2nd period - Shot Blocked by Radim Simek.
Goals for this period are 0 for VANCOUVER Canucks vs 1 for BUFFALO Sabres.
Shots for this period are 7 for VANCOUVER Canucks vs 9 for BUFFALO Sabres.

3rd period


0:01 of 3rd period - Tyler Pitlick wins face-off versus Nico Hischier in neutral zone.
0:32 of 3rd period - Shot by Mason Appleton.
0:32 of 3rd period - Shot Misses the Net.
0:35 of 3rd period - Icing by Mason McTavish.
0:36 of 3rd period - Mark Kastelic wins face-off versus Tage Thompson in BUFFALO Sabres zone.
0:51 of 3rd period - Logan O'Connor is hit by Mark Kastelic and loses puck.
1:04 of 3rd period - Shot by Logan O'Connor.
1:04 of 3rd period - Stopped by Jake Oettinger without a rebound.
1:05 of 3rd period - Josh Norris wins face-off versus Jack Eichel in VANCOUVER Canucks zone.
1:14 of 3rd period - Shot by Matt Boldy.
1:14 of 3rd period - Shot Hit the Post.
1:16 of 3rd period - Shot by Matt Boldy.
1:16 of 3rd period - Deflect By Jakob Silfverberg.
1:16 of 3rd period - Shot Misses the Net.
1:18 of 3rd period - Shot by Matt Boldy.
1:18 of 3rd period - Stopped by Igor Shesterkin without a rebound.
1:19 of 3rd period - Shane Pinto wins face-off versus Nico Hischier in BUFFALO Sabres zone.
1:22 of 3rd period - Shot by Philip Tomasino.
1:22 of 3rd period - Shot Misses the Net.
1:41 of 3rd period - Icing by Ivan Provorov.
1:42 of 3rd period - Josh Norris wins face-off versus Valeri Nichushkin in BUFFALO Sabres zone.
2:21 of 3rd period - Shot by Matt Boldy.
2:21 of 3rd period - Shot Misses the Net.
2:23 of 3rd period - Shot by Mikhail Sergachev.
2:23 of 3rd period - Shot Misses the Net.
2:25 of 3rd period - Shot by Jakob Silfverberg.
2:25 of 3rd period - Shot Misses the Net.
2:52 of 3rd period - Off-side.
2:53 of 3rd period - Tage Thompson wins face-off versus Juuso Parssinen in neutral zone.
3:25 of 3rd period - Juuso Parssinen is hit by Logan O'Connor and loses puck.
4:33 of 3rd period - Icing by Radim Simek.
4:34 of 3rd period - Nico Hischier wins face-off versus Shane Pinto in VANCOUVER Canucks zone.
6:06 of 3rd period - Seth Jarvis is hit by Nils Lundkvist and loses puck.
6:13 of 3rd period - Shot by Seth Jarvis.
6:13 of 3rd period - Shot Blocked by Nils Lundkvist.
6:35 of 3rd period - Shot by Stefan Noesen.
6:35 of 3rd period - Stopped by Igor Shesterkin with a rebound.
6:51 of 3rd period - Shot by Logan O'Connor.
6:51 of 3rd period - Deflect By Mason McTavish.
6:51 of 3rd period - Shot Misses the Net.
6:53 of 3rd period - Shot by Tage Thompson.
6:53 of 3rd period - Shot Misses the Net.
6:55 of 3rd period - Shot by Mason McTavish.
6:55 of 3rd period - Deflect By Tage Thompson.
6:55 of 3rd period - Shot Misses the Net.
6:59 of 3rd period - Shot by Tage Thompson.
6:59 of 3rd period - Stopped by Jake Oettinger without a rebound.
7:00 of 3rd period - Shane Pinto wins face-off versus Nick Bjugstad in VANCOUVER Canucks zone.
8:23 of 3rd period - Shot by Tage Thompson.
8:23 of 3rd period - Shot Misses the Net.
8:27 of 3rd period - Shot by Jonas Brodin.
8:27 of 3rd period - Shot Misses the Net.
9:55 of 3rd period - Shot by Nils Lundkvist.
9:55 of 3rd period - Shot Blocked by Valeri Nichushkin.
10:00 of 3rd period - Off-side.
10:01 of 3rd period - Tage Thompson wins face-off versus Mark Kastelic in neutral zone.
10:03 of 3rd period - Ivan Provorov is hit by Radim Simek and loses puck.
10:57 of 3rd period - Icing by Philip Tomasino.
10:58 of 3rd period - Jack Eichel wins face-off versus Shane Pinto in VANCOUVER Canucks zone.
10:59 of 3rd period - Shot by Seth Jarvis.
10:59 of 3rd period - Deflect By Alex Tuch.
10:59 of 3rd period - Goal by Alex Tuch - VANCOUVER Canucks : 2 - BUFFALO Sabres : 3.
11:00 of 3rd period - Jack Eichel wins face-off versus Josh Norris in neutral zone.
11:03 of 3rd period - Jakob Silfverberg is hit by Jack Eichel and loses puck.
11:21 of 3rd period - Icing by Alex Tuch.
11:22 of 3rd period - Shane Pinto wins face-off versus Jack Eichel in BUFFALO Sabres zone.
11:25 of 3rd period - Shot by Mason Appleton.
11:25 of 3rd period - Shot Misses the Net.
11:39 of 3rd period - Shot by Jack Eichel.
11:39 of 3rd period - Shot Misses the Net.
11:41 of 3rd period - Shot by Brett Kulak.
11:41 of 3rd period - Stopped by Jake Oettinger with a rebound.
12:31 of 3rd period - Shot by Jakob Silfverberg.
12:31 of 3rd period - Stopped by Igor Shesterkin with a rebound.
12:39 of 3rd period - Shot by Matt Boldy.
12:39 of 3rd period - Shot Misses the Net.
12:41 of 3rd period - Shot by Josh Norris.
12:41 of 3rd period - Shot Blocked by Jonas Brodin.
12:43 of 3rd period - Shot by Matt Boldy.
12:43 of 3rd period - Goal by Matt Boldy - VANCOUVER Canucks : 3 - BUFFALO Sabres : 3.
12:44 of 3rd period - Tage Thompson wins face-off versus Juuso Parssinen in neutral zone.
12:57 of 3rd period - Shot by Tage Thompson.
12:57 of 3rd period - Stopped by Jake Oettinger without a rebound.
12:58 of 3rd period - Mark Kastelic wins face-off versus Nick Bjugstad in VANCOUVER Canucks zone.
13:12 of 3rd period - Bryan Little is hit by Brett Kulak and loses puck.
13:15 of 3rd period - Shot by Mark Kastelic.
13:15 of 3rd period - Stopped by Igor Shesterkin without a rebound.
13:16 of 3rd period - Josh Norris wins face-off versus Jack Eichel in BUFFALO Sabres zone.
13:23 of 3rd period - Shot by Jakob Silfverberg.
13:23 of 3rd period - Shot Misses the Net.
13:31 of 3rd period - Shot by Jakob Silfverberg.
13:31 of 3rd period - Stopped by Igor Shesterkin without a rebound.
13:32 of 3rd period - Nico Hischier wins face-off versus Shane Pinto in BUFFALO Sabres zone.
13:32 of 3rd period - Nico Hischier is hit by Philip Tomasino.
13:53 of 3rd period - Shot by Shane Pinto.
13:53 of 3rd period - Shot Misses the Net.
14:04 of 3rd period - Icing by Christopher Tanev.
14:05 of 3rd period - Shane Pinto wins face-off versus Jack Eichel in VANCOUVER Canucks zone.
14:05 of 3rd period - Shane Pinto is hit by Jack Eichel.
14:25 of 3rd period - Shot by Shane Pinto.
14:25 of 3rd period - Stopped by Igor Shesterkin without a rebound.
14:26 of 3rd period - Josh Norris wins face-off versus Tage Thompson in BUFFALO Sabres zone.
14:26 of 3rd period - Mikhail Sergachev is hit by Jakob Chychrun and loses puck.
14:50 of 3rd period - Matt Boldy is hit by Jon Merrill and loses puck.
14:51 of 3rd period - Minor Penalty to Jakob Chychrun for High sticking.
14:52 of 3rd period - Shane Pinto wins face-off versus Nico Hischier in BUFFALO Sabres zone.
14:55 of 3rd period - Shot by Philip Tomasino.
14:55 of 3rd period - Shot Blocked by Ivan Provorov.
15:19 of 3rd period - Shot by Jake McCabe.
15:19 of 3rd period - Shot Blocked by Nico Hischier.
15:46 of 3rd period - Shot by Matt Boldy.
15:46 of 3rd period - Stopped by Igor Shesterkin without a rebound.
15:47 of 3rd period - Nick Bjugstad wins face-off versus Josh Norris in BUFFALO Sabres zone.
15:47 of 3rd period - Nick Bjugstad is hit by Jakob Silfverberg.
16:20 of 3rd period - Icing by Jakob Silfverberg.
16:21 of 3rd period - Nico Hischier wins face-off versus Josh Norris in VANCOUVER Canucks zone.
17:01 of 3rd period - Alex Tuch is hit by Victor Mete and loses puck.
17:05 of 3rd period - Minor Penalty to Victor Mete for Roughing.
17:06 of 3rd period - Jack Eichel wins face-off versus Tyler Pitlick in VANCOUVER Canucks zone.
17:06 of 3rd period - Jonas Brodin is hit by Jake McCabe.
17:50 of 3rd period - Shot by Jack Eichel.
17:50 of 3rd period - Shot Misses the Net.
18:12 of 3rd period - Shot by Filip Hronek.
18:12 of 3rd period - Stopped by Jake Oettinger with a rebound.
18:14 of 3rd period - Shot by Nico Hischier.
18:14 of 3rd period - Goal by Nico Hischier - VANCOUVER Canucks : 3 - BUFFALO Sabres : 4.
18:15 of 3rd period - Shane Pinto wins face-off versus Nick Bjugstad in neutral zone.
18:43 of 3rd period - Nils Lundkvist is hit by Brett Kulak and loses puck.
19:07 of 3rd period - Nils Lundkvist is hit by Ivan Provorov and loses puck.
19:31 of 3rd period - VANCOUVER Canucks, Jake Oettinger is pulled from the net.
19:44 of 3rd period - Jonas Brodin is hit by Bryan Little and loses puck.
19:59 of 3rd period - Shot by Matt Boldy.
19:59 of 3rd period - Stopped by Igor Shesterkin without a rebound.
Goals for this period are 1 for VANCOUVER Canucks vs 2 for BUFFALO Sabres.
Shots for this period are 9 for VANCOUVER Canucks vs 7 for BUFFALO Sabres. Output by the SimonT Hockey Simulator (STHS) for Martin Benoit - Original Page W3C HTML5 Valid
Hockey Simulator - Hockey Simulation - Hockey Manager